 Dungeon Crawl Stone Soup version 0.14-a0-2100-g3cf34dd (webtiles) character file.

819 HollowCharge the Slasher (level 7, -4/44 HPs)
             Began as a Tengu Fighter on Jan 26, 2014.
             Was an Initiate of the Shining One.
             Slain by an ogre
             ... wielding a +0,+0 giant club
              (21 damage)
             ... on Level 5 of the Dungeon.
             The game lasted 00:21:50 (4605 turns).

HollowCharge the Slasher (Tengu Fighter)            Turns: 4605, Time: 00:21:50

HP  -4/44        AC  6     Str 16      XL: 7   Next: 44%
MP   9/9         EV  8     Int  8      God: the Shining One [......]
Gold 208         SH 18     Dex 16      Spells:  0 memorised,  6 levels left

rFire  . . .     SeeInvis .     n - +0 long sword
rCold  . . .     Clarity  +     v - +0 orc ring mail
rNeg   . . .     Conserve .     c - -1 shield
rPois  .         rCorr    .     (helmet restricted)
rElec  .         rRot     .     (no cloak)
SustAb . .       Spirit   .     (no gloves)
rMut   .         Warding  .     (boots unavailable)
Saprov . . .     Stasis   .     h - amulet of clarity
MR     .....                    (no ring)
                                (no ring)

@: not resistant to hostile enchantments, very unstealthy
A: able to fly, beak, talons 3
a: Fly, Renounce Religion


You were on level 5 of the Dungeon.
You worshipped the Shining One.
The Shining One was noncommittal.
You were not hungry.

You visited 1 branch of the dungeon, and saw 5 of its levels.
You also visited: Sewer.

You collected 208 gold pieces.

Inventory:

Hand weapons
 a - a +0,+0 falchion
 n - a +0,+0 long sword (weapon)
Armour
 c - a -1 shield (worn)
 v - a +0 orcish ring mail (worn)
Magical devices
 b - a wand of frost (4) {unknown}
Comestibles
 d - 3 bread rations
 m - a pear
 o - a meat ration
 p - an apricot
Scrolls
 g - 5 scrolls of remove curse
 j - a scroll of recharging {unknown}
 q - 2 scrolls of fog
 r - a scroll of teleportation
Jewellery
 h - an amulet of clarity (around neck)
Potions
 e - 2 potions of curing
 f - 5 potions of heal wounds
 i - 3 potions of agility
 k - a potion of poison {unknown}
 l - a potion of brilliance {unknown}
 s - 2 potions of degeneration {unknown}
Books
 t - a book of Control

   Spells                             Type                      Level
   Control Teleport                   Charms/Translocation         4
   Control Undead                     Necromancy                   4
   Enslavement                        Hexes                        4
   Mass Confusion                     Hexes                        6
   Metabolic Englaciation             Hexes/Ice                    6


   Skills:
 + Level 4.4 Fighting
 * Level 5.4 Long Blades
 + Level 4.9 Armour
 + Level 2.9 Dodging
 + Level 4.2 Shields


You had 6 spell levels left.
You didn't know any spells.

Dungeon Overview and Level Annotations

Branches:
Dungeon (5/16)
 Temple: D:4-7

Altars:
The Shining One


Innate Abilities, Weirdness & Mutations

You can fly.
You have a beak for a mouth.
You have claws for feet.


Message History

b - a bronze wand You see here a long sword.
n - a long sword
n - a +0,+0 long sword (weapon)
As you read the scroll labeled PNACVICIRHY, it crumbles to dust.
You feel strangely unstable.
It was a scroll of teleportation.
An adder comes into view.
Your surroundings suddenly seem different.
An ogre comes into view. It is wielding a giant club.
The ogre shouts!
Found a scroll of immolation and 3 gold pieces.
The ogre hits you with a giant club!
Ouch! That really hurt!
You slash the ogre! You claw the ogre.
The ogre is moderately wounded.
The ogre closely misses you.
You slash the ogre!
The ogre is severely wounded.
The ogre hits you with a giant club!
You die...

# .. #.
#..########
####.........#
..........@..#
.......?.O$..#
............#
............#
............#
...........#
###########


You could see an ogre.

Vanquished Creatures
  A centaur (D:5)
  A big kobold (Sewer)
  A jelly (D:5)
  2 hounds
  A big fish (Sewer)
  2 scorpions (D:4)
  An orc wizard (D:4)
  A worker ant (D:4)
  Jessica (D:2)
  7 adders
  2 giant mites (D:3)
  An adder zombie (D:4)
  An orc zombie (D:5)
  3 grey rats (Sewer)
  A giant eyeball (D:4)
  7 giant geckos
  9 orcs
  9 bats
  6 giant cockroaches
  8 goblins
  9 hobgoblins
  4 jackals (D:3)
  A ball python (D:4)
  2 giant newts (D:2)
  A jackal skeleton (D:5)
  17 kobolds
  8 rats
  A rat skeleton (D:5)
108 creatures vanquished.

Notes
Turn   | Place    | Note
--------------------------------------------------------------
     0 | D:1      | HollowCharge, the Tengu Fighter, began the quest for the Orb.
     0 | D:1      | Reached XP level 1. HP: 14/14 MP: 1/1
   446 | D:1      | Reached XP level 2. HP: 17/19 MP: 3/3
   707 | D:2      | Noticed Jessica
   720 | D:2      | Killed Jessica
   720 | D:2      | Reached skill level 1 in Dodging
   720 | D:2      | Reached XP level 3. HP: 18/23 MP: 4/4
  1068 | D:2      | Reached XP level 4. HP: 28/28 MP: 5/5
  1865 | D:3      | Found a glowing golden altar of the Shining One.
  1876 | D:3      | Became a worshipper of the Shining One
  2046 | D:3      | Found a glowing drain.
  2127 | Sewer    | Entered a sewer
  2129 | Sewer    | Reached XP level 5. HP: 29/32 MP: 7/7
  2183 | Sewer    | Reached skill level 4 in Armour
  2279 | Sewer    | Noticed a big kobold
  2295 | Sewer    | Killed a big kobold
  2295 | Sewer    | Reached XP level 6. HP: 36/38 MP: 5/8
  2314 | Sewer    | Found a white marble altar of Elyvilon.
  3702 | D:4      | Reached skill level 5 in Long Blades
  3702 | D:4      | Reached XP level 7. HP: 37/43 MP: 9/9
  3939 | D:5      | Entered Level 5 of the Dungeon
  4170 | D:5      | Acquired the Shining One's first power
  4605 | D:5      | Slain by an ogre

Action                   |  1- 3 |  4- 6 |  7- 9 || total
-------------------------+-------+-------+-------++-------
Melee: Falchion          |    74 |   218 |    35 ||   327
       Long sword        |       |       |     2 ||     2
 Abil: Fly               |       |     3 |       ||     3
  Use: Scroll            |       |     6 |     4 ||    10
       Potion            |       |     3 |       ||     3
